[Event "ICC tourney 2182 (40 10)"]
[Site "Internet Chess Club"]
[Date "2020.12.06"]
[Round "3"]
[White "Feugon"]
[Black "e4f5"]
[Result "0-1"]
[ICCResult "White resigns"]
[WhiteElo "1982"]
[BlackElo "2253"]
[Opening "Nimzovich-Larsen attack: modern variation"]
[ECO "A01"]
[NIC "VO.08"]
[Time "15:32:35"]
[PlyCount "116"]
[TimeControl "2400+10"]


1. b3 e5 2. Bb2 Nc6 3. e3 d6 4. c4 g6 5. Nf3 Bg7 6. d4 Nge7 7. dxe5 O-O 8.
Nc3 dxe5 9. Nb5 Bf5 10. Be2 Qc8 11. O-O Rd8 12. Qc1 a6 13. Nc3 e4 14. Nh4
Nb4 15. Nxf5 Qxf5 16. a3 Nd3 17. Bxd3 Rxd3 18. Ne2 Rad8 19. Ng3 Qe6 20.
Bxg7 Kxg7 21. Qc2 Nf5 22. Nxf5+ Qxf5 23. Rad1 Qd7 24. Rxd3 Qxd3 25. Qb2+ f6
26. h3 Qd2 27. Rb1 Kf7 28. b4 Rd3 29. Qxd2 Rxd2 30. Kf1 Ke6 31. Ke1 Rc2 32.
c5 c6 33. Rd1 Ke7 34. Rd4 f5 35. a4 Ra2 36. a5 Rb2 37. g3 g5 38. Kf1 Ke6
39. g4 Ke5 40. gxf5 Kxf5 41. Kg2 h5 42. Kg3 Rb3 43. Kg2 Rd3 44. Rc4 Rd1 45.
Rc2 Rd3 46. Rc4 h4 47. Rc1 g4 48. Rc4 g3 49. Rc2 Kg5 50. fxg3 Rxe3 51. g4
Rg3+ 52. Kh2 Kf4 53. Rf2+ Ke3 54. Rg2 Kf3 55. Rxg3+ hxg3+ 56. Kg1 e3 57.
Kf1 e2+ 58. Ke1 g2 { White resigns } 0-1

[Event "ICC tourney 2182 (40 10)"]
[Site "Internet Chess Club"]
[Date "2020.12.06"]
[Round "3"]
[White "KylanHuang"]
[Black "Joshua1"]
[Result "1/2-1/2"]
[ICCResult "Game drawn by mutual agreement"]
[WhiteElo "1904"]
[BlackElo "1862"]
[Opening "Sicilian: Alapin's variation (2.c3)"]
[ECO "B22"]
[NIC "SI.47"]
[Time "15:32:37"]
[PlyCount "169"]
[TimeControl "2400+10"]


1. e4 c5 2. c3 Nf6 3. e5 Nd5 4. d4 cxd4 5. cxd4 e6 6. Nf3 d6 7. a3 Nc6 8.
Bd3 dxe5 9. dxe5 Qc7 10. Qc2 Nxe5 11. Nxe5 Qxe5+ 12. Be2 Bd7 13. O-O Rc8
14. Qd2 Be7 15. Re1 Qb8 16. Bf3 Bc6 17. Nc3 Nxc3 18. Qxc3 Bf6 19. Bxc6+
Rxc6 20. Qb4 Be7 21. Qg4 O-O 22. Bh6 Bf6 23. Bf4 Qc8 24. Rab1 Rd8 25. Be3
a6 26. g3 g6 27. h4 h5 28. Qb4 Rc4 29. Qb3 b5 30. Rbc1 Rd7 31. a4 Rxc1 32.
Rxc1 Qb7 33. axb5 Qxb5 34. Qxb5 axb5 35. Rc8+ Kg7 36. Rb8 Rd5 37. b3 Be5
38. Rb7 Bc3 39. Kg2 Bb2 40. b4 Bc3 41. Bc5 Bd4 42. Bxd4+ Rxd4 43. Rxb5 Rd1
44. Kf3 Rb1 45. Rb8 Rb3+ 46. Ke4 Kf6 47. b5 Rb2 48. Kf3 Rb3+ 49. Ke4 Rb2
50. f3 Rb4+ 51. Ke3 Rb3+ 52. Kf2 Rb2+ 53. Kf1 Rb3 54. Kf2 Rb2+ 55. Ke3 Rb3+
56. Ke4 Rb4+ 57. Kd3 Rb3+ 58. Ke2 Rb2+ 59. Kd3 Rb3+ 60. Ke2 Rb2+ 61. Ke3
Rb3+ 62. Ke4 Rb4+ 63. Ke3 Rb3+ 64. Kd4 Rb4+ 65. Kc5 Rb3 66. b6 Rxf3 67. Ra8
Rb3 68. Ra5 e5 69. Rb5 Rc3+ 70. Kb4 Rc8 71. b7 Rb8 72. Kc4 Kf5 73. Kd3 f6
74. Ke3 g5 75. hxg5 fxg5 76. Kf3 h4 77. g4+ Ke6 78. Ke4 Kd6 79. Rxe5 Rxb7
80. Rxg5 Ke6 81. Rh5 Rb4+ 82. Kf3 Rb3+ 83. Kg2 Rg3+ 84. Kh2 Rxg4 85. Kh3 {
Game drawn by mutual agreement } 1/2-1/2

[Event "ICC tourney 2182 (40 10)"]
[Site "Internet Chess Club"]
[Date "2020.12.06"]
[Round "4"]
[White "KRASAVCHIK"]
[Black "Openyagami"]
[Result "1/2-1/2"]
[ICCResult "Game drawn by mutual agreement"]
[WhiteElo "2648"]
[BlackElo "2604"]
[Opening "Sicilian: closed, 2...Nc6"]
[ECO "B23"]
[NIC "SI.44"]
[Time "17:46:24"]
[PlyCount "29"]
[TimeControl "2400+10"]


1. e4 c5 2. Nc3 Nc6 3. Bb5 Nd4 4. Nf3 e6 5. O-O a6 6. Bd3 Ne7 7. Nxd4 cxd4
8. Ne2 Nc6 9. c3 Bc5 10. b4 Ba7 11. Bb2 O-O 12. Nxd4 Bxd4 13. cxd4 Nxb4 14.
Bb1 d5 15. e5 { Game drawn by mutual agreement } 1/2-1/2

[Event "ICC tourney 2182 (40 10)"]
[Site "Internet Chess Club"]
[Date "2020.12.06"]
[Round "4"]
[White "AJ2000"]
[Black "RockoSweat"]
[Result "0-1"]
[ICCResult "White resigns"]
[WhiteElo "1673"]
[BlackElo "1644"]
[Opening "Ruy Lopez: Caro variation"]
[ECO "C70"]
[NIC "RL.09"]
[Time "17:46:17"]
[PlyCount "36"]
[TimeControl "2400+10"]


1. e4 e5 2. Nf3 Nc6 3. Bb5 a6 4. Ba4 b5 5. Bb3 Nf6 6. O-O Bc5 7. c3 O-O 8.
a4 b4 9. d4 exd4 10. cxd4 Be7 11. e5 Ne8 12. Bf4 d6 13. Bd5 Bb7 14. Qb3
dxe5 15. Nxe5 Nxd4 16. Bxf7+ Kh8 17. Qh3 Ne2+ 18. Kh1 Nxf4 { White resigns
} 0-1

[Event "ICC tourney 2182 (40 10)"]
[Site "Internet Chess Club"]
[Date "2020.12.06"]
[Round "4"]
[White "KnightHopper"]
[Black "xcelswimmer"]
[Result "1-0"]
[ICCResult "Black resigns"]
[WhiteElo "2039"]
[BlackElo "1920"]
[Opening "French: Winawer, Petrosian variation"]
[ECO "C16"]
[NIC "FR.09"]
[Time "17:46:49"]
[PlyCount "41"]
[TimeControl "2400+10"]


1. e4 e6 2. d4 d5 3. Nc3 Bb4 4. e5 Qd7 5. a3 Bxc3+ 6. bxc3 b6 7. a4 Ba6 8.
Bxa6 Nxa6 9. Qd3 Nb8 10. Ne2 Ne7 11. Qg3 Nf5 12. Qg4 c5 13. Ng3 Nxg3 14.
Qxg7 Rf8 15. Bh6 Qe7 16. hxg3 Nd7 17. Bg5 f6 18. Qxe7+ Kxe7 19. exf6+ Nxf6
20. Rxh7+ Kd6 21. Bf4+ { Black resigns } 1-0

[Event "ICC tourney 2182 (40 10)"]
[Site "Internet Chess Club"]
[Date "2020.12.06"]
[Round "4"]
[White "abi2009"]
[Black "AmyMGL"]
[Result "0-1"]
[ICCResult "White resigns"]
[WhiteElo "1712"]
[BlackElo "1900"]
[Opening "Sicilian: Kan variation"]
[ECO "B41"]
[NIC "SI.41"]
[Time "17:46:17"]
[PlyCount "54"]
[TimeControl "2400+10"]


1. e4 c5 2. Nf3 e6 3. d4 cxd4 4. Nxd4 a6 5. Be3 Qc7 6. Be2 Nf6 7. Nd2 d5 8.
Bf3 e5 9. N4b3 d4 10. Bg5 Be7 11. Bxf6 Bxf6 12. O-O O-O 13. Be2 Nc6 14. Nc5
b6 15. Nd3 Bb7 16. f4 exf4 17. Nxf4 Ne7 18. Bd3 Be5 19. Qf3 Ng6 20. g3 Bxf4
21. gxf4 f5 22. Qf2 fxe4 23. Nxe4 Rxf4 24. Qxd4 Rg4+ 25. Kh1 Re8 26. Rae1
Qe7 27. h3 Bxe4+ { White resigns } 0-1

[Event "ICC tourney 2182 (40 10)"]
[Site "Internet Chess Club"]
[Date "2020.12.06"]
[Round "4"]
[White "che8642"]
[Black "ToughTurtle"]
[Result "1-0"]
[ICCResult "Black checkmated"]
[WhiteElo "1532"]
[BlackElo "1476"]
[Opening "Queen's pawn: Chigorin variation"]
[ECO "D00"]
[NIC "QP.08"]
[Time "17:46:15"]
[PlyCount "97"]
[TimeControl "2400+10"]


1. d4 d5 2. Nc3 Nf6 3. Bf4 c6 4. e3 Bf5 5. f3 e6 6. g4 Bg6 7. h4 h6 8. Bd3
Bxd3 9. Qxd3 Nbd7 10. Nge2 Qb6 11. Kf2 c5 12. h5 Be7 13. Rag1 c4 14. Qd2
Bb4 15. Ng3 Nh7 16. e4 Nhf6 17. Qe3 e5 18. Nxd5 exd4 19. Qe2 d3+ 20. Nxb6
dxe2 21. Nxa8 e1=Q+ 22. Rxe1 Bxe1+ 23. Rxe1 Kd8 24. Nc7 a6 25. Rd1 g5 26.
Bd6 Ne8 27. Nxe8 Rxe8 28. Nf5 b5 29. Nxh6 Re6 30. Nxf7+ Ke8 31. Nxg5 Rf6
32. Rd5 Nb6 33. Re5+ Kd7 34. Be7 Rc6 35. Nf7 Nc8 36. Bg5 c3 37. b3 b4 38.
h6 Rxh6 39. Bxh6 a5 40. Rxa5 Nd6 41. Nxd6 Kxd6 42. g5 Ke6 43. Rf5 Ke7 44.
g6 Kd7 45. g7 Kc7 46. g8=Q Kd7 47. Rf6 Ke7 48. Qg7+ Kd8 49. Rf8# { Black
checkmated } 1-0

[Event "ICC tourney 2182 (40 10)"]
[Site "Internet Chess Club"]
[Date "2020.12.06"]
[Round "4"]
[White "mhebden"]
[Black "largecrab"]
[Result "0-1"]
[ICCResult "White resigns"]
[WhiteElo "2503"]
[BlackElo "2158"]
[Opening "Queen's pawn game"]
[ECO "A46"]
[NIC "QP.06"]
[Time "17:46:13"]
[PlyCount "90"]
[TimeControl "2400+10"]


1. d4 Nf6 2. Nf3 e6 3. c3 b6 4. Bg5 Bb7 5. Nbd2 Be7 6. e3 O-O 7. Bd3 d6 8.
e4 Nbd7 9. O-O c5 10. Qe2 h6 11. Bf4 Qc7 12. h3 e5 13. dxe5 Nxe5 14. Nxe5
dxe5 15. Bh2 Nd7 16. Rfd1 Rfd8 17. Bc4 Nf6 18. Nf3 Bd6 19. Rxd6 Qxd6 20.
Nxe5 Qd2 21. Bxf7+ Kf8 22. Qxd2 Rxd2 23. Nc4 Rd3 24. f3 Rad8 25. Bg6 Rd1+
26. Rxd1 Rxd1+ 27. Kf2 Ba6 28. b3 Bxc4 29. bxc4 Rd2+ 30. Ke3 Rxg2 31. Bd6+
Kg8 32. Bf5 Kf7 33. e5 Ne8 34. Bb8 Rxa2 35. f4 g6 36. Bd7 Ng7 37. Ke4 Ne6
38. Kd5 Nxf4+ 39. Kd6 Rd2+ 40. Kc6 a5 41. Bg4 a4 42. Bf3 a3 43. Bd5+ Ke8
44. e6 Nxd5 45. cxd5 a2 { White resigns } 0-1

[Event "ICC tourney 2182 (40 10)"]
[Site "Internet Chess Club"]
[Date "2020.12.06"]
[Round "4"]
[White "vvguys"]
[Black "runtilmorrow1"]
[Result "0-1"]
[ICCResult "White checkmated"]
[WhiteElo "1559"]
[BlackElo "1964"]
[Opening "Queen's pawn: London system"]
[ECO "A45"]
[NIC "QP.07"]
[Time "17:46:37"]
[PlyCount "130"]
[TimeControl "2400+10"]


1. d4 Nf6 2. Bf4 d5 3. e3 e6 4. Bd3 c5 5. Nf3 Nc6 6. c4 dxc4 7. Bxc4 cxd4
8. exd4 Bb4+ 9. Nc3 O-O 10. O-O Bd6 11. Bxd6 Qxd6 12. d5 Na5 13. Bd3 exd5
14. Nb5 Qf4 15. Rc1 Bg4 16. Be2 Rfd8 17. h3 Bxf3 18. Bxf3 Nc4 19. b3 Nd2
20. Re1 Nxf3+ 21. Qxf3 Qxf3 22. gxf3 a6 23. Nd4 Nh5 24. Re7 Rac8 25. Rcc7
Rxc7 26. Rxc7 Nf4 27. Kh2 h5 28. Rxb7 Re8 29. Ra7 Re1 30. Rxa6 h4 31. Nf5
Rf1 32. Nxh4 g5 33. Nf5 Rxf2+ 34. Kg1 Rxf3 35. h4 Ne2+ 36. Kg2 Rxf5 37. b4
gxh4 38. b5 d4 39. b6 Rb5 40. a4 Rb2 41. Ra8+ Kg7 42. a5 d3 43. Rd8 d2 44.
Rd7 d1=Q 45. Rxd1 Nc3+ 46. Kh3 Nxd1 47. Kxh4 Rb5 48. a6 Rxb6 49. a7 Ra6 50.
a8=Q Rxa8 51. Kg3 f5 52. Kf4 Kf6 53. Kf3 Ke5 54. Ke2 Nc3+ 55. Ke3 Ra3 56.
Kf3 Nd5+ 57. Kf2 Kf4 58. Ke2 Rc3 59. Kf2 Rc2+ 60. Ke1 Ke3 61. Kf1 f4 62.
Kg1 f3 63. Kh1 Nf6 64. Kg1 Ng4 65. Kh1 Rc1# { White checkmated } 0-1

[Event "ICC tourney 2182 (40 10)"]
[Site "Internet Chess Club"]
[Date "2020.12.06"]
[Round "4"]
[White "Chesssaga"]
[Black "IshanVannadil"]
[Result "1/2-1/2"]
[ICCResult "Game drawn by mutual agreement"]
[WhiteElo "2004"]
[BlackElo "1850"]
[Opening "Sicilian, Chekhover variation"]
[ECO "B53"]
[NIC "SI.02"]
[Time "17:46:14"]
[PlyCount "173"]
[TimeControl "2400+10"]


1. e4 c5 2. Nf3 d6 3. d4 cxd4 4. Qxd4 Nc6 5. Bb5 Bd7 6. Qd3 g6 7. c4 Bg7 8.
Nc3 Nf6 9. h3 Rc8 10. O-O a6 11. Bxc6 Bxc6 12. Nd4 Nd7 13. Be3 Ne5 14. Qe2
Bd7 15. b3 b5 16. f4 Nc6 17. Nxc6 Rxc6 18. Rac1 e6 19. Qd3 bxc4 20. bxc4
Qc7 21. Ne2 O-O 22. Nd4 Rb6 23. Nb3 Rbb8 24. Rfd1 Ba4 25. c5 dxc5 26. Rxc5
Qb7 27. Rb1 Bc6 28. Nd2 Bxe4 29. Rxb7 Bxd3 30. Rxb8 Rxb8 31. Nb3 Bf8 32.
Rc3 Bb5 33. Nd4 Ba4 34. Nb3 Bg7 35. Rd3 Rc8 36. Nc5 Bb5 37. Rd1 Bc4 38. Rc1
Bxa2 39. Nxa6 Rxc1+ 40. Bxc1 Bc4 41. Nb4 Bc3 42. Nc2 Bd3 43. Ne3 Bd4 44. g3
f6 45. Kf2 Kf7 46. Bd2 e5 47. fxe5 fxe5 48. Ke1 Ke6 49. Kf2 Ba7 50. Bc3 h5
51. h4 Bb6 52. Bd2 e4 53. Bc3 Ba6 54. Bh8 Bf1 55. Bg7 Bg2 56. Bh6 Bf3 57.
Bf4 Bd1 58. Bg5 Bd4 59. Bf4 Ba4 60. Bg5 Kd6 61. Bf4+ Kc5 62. Bg5 Kb4 63.
Bf4 Kc3 64. Bg5 Kd3 65. Bf4 Kd2 66. Bg5 Bb5 67. Bf4 Bf6 68. Bh6 Kd3 69. Bf4
Kd4 70. Bh6 Kc5 71. Bf4 Kc6 72. Ng2 Kd5 73. Ne3+ Ke6 74. Ng2 Be5 75. Bg5
Bf6 76. Bf4 Bc6 77. Ne3 Bd4 78. Bg5 Bc5 79. Bf4 Bxe3+ 80. Kxe3 Kf5 81. Bc7
Kg4 82. Bd6 g5 83. hxg5 Kxg5 84. Bc7 h4 85. gxh4+ Kxh4 86. Bb6 Kg4 87. Bd4
{ Game drawn by mutual agreement } 1/2-1/2

[Event "ICC tourney 2182 (40 10)"]
[Site "Internet Chess Club"]
[Date "2020.12.06"]
[Round "4"]
[White "mchessmaster"]
[Black "eigenator"]
[Result "0-1"]
[ICCResult "White resigns"]
[WhiteElo "1976"]
[BlackElo "2376"]
[Opening "French: exchange variation"]
[ECO "C01"]
[NIC "FR.01"]
[Time "17:46:13"]
[PlyCount "98"]
[TimeControl "2400+10"]


1. e4 e6 2. d4 d5 3. exd5 exd5 4. Nf3 Nc6 5. Bd3 Bd6 6. O-O Nge7 7. c3 Bg4
8. Nbd2 Qd7 9. b4 a6 10. a4 O-O 11. Qc2 Bf5 12. Re1 Rfe8 13. Nb3 Bxd3 14.
Qxd3 Ng6 15. Bd2 Na7 16. a5 Nb5 17. Nc5 Qc6 18. c4 dxc4 19. Qxc4 Bxc5 20.
dxc5 h6 21. Bf4 Nxf4 22. Qxf4 Rxe1+ 23. Rxe1 Re8 24. Ne5 Qd5 25. h3 Nd4 26.
Kh2 Nc2 27. Re2 Nxb4 28. Qxb4 Rxe5 29. Rxe5 Qxe5+ 30. Kg1 Qd5 31. Kf1 Qd1+
32. Qe1 Qxe1+ 33. Kxe1 Kf8 34. Kd2 Ke7 35. Kd3 Kd7 36. Kd4 Kc6 37. Kc4 b6
38. cxb6 cxb6 39. axb6 Kxb6 40. g3 a5 41. f3 Kc6 42. f4 h5 43. f5 Kd6 44.
f6 gxf6 45. h4 Ke5 46. Kb5 Kf5 47. Kxa5 Kg4 48. Kb6 Kxg3 49. Kc6 f5 { White
resigns } 0-1

[Event "ICC tourney 2182 (40 10)"]
[Site "Internet Chess Club"]
[Date "2020.12.06"]
[Round "4"]
[White "Natey"]
[Black "andrewjiang2"]
[Result "1-0"]
[ICCResult "Black resigns"]
[WhiteElo "1745"]
[BlackElo "1930"]
[Opening "Ruy Lopez: closed, Flohr-Zaitsev system (Lenzerheide variation)"]
[ECO "C92"]
[NIC "RL.26"]
[Time "17:46:32"]
[PlyCount "67"]
[TimeControl "2400+10"]


1. e4 e5 2. Nf3 Nc6 3. Bb5 a6 4. Ba4 Nf6 5. O-O Be7 6. Re1 b5 7. Bb3 O-O 8.
c3 d6 9. h3 Bb7 10. d4 Re8 11. Nbd2 Bf8 12. a4 g6 13. Bc2 Bg7 14. Nf1 exd4
15. cxd4 Nb4 16. Ng3 Nxc2 17. Qxc2 Rc8 18. Bf4 c5 19. d5 Qb6 20. Rad1 Nd7
21. a5 Qc7 22. b3 Ne5 23. Bxe5 dxe5 24. Qd2 Rcd8 25. Qc3 f5 26. Ng5 f4 27.
Ne6 Rxe6 28. dxe6 fxg3 29. Qxg3 Bf6 30. Qg4 Bc6 31. Rxd8+ Qxd8 32. Rd1 Qxa5
33. e7 Kf7 34. Rd6 { Black resigns } 1-0

[Event "ICC tourney 2182 (40 10)"]
[Site "Internet Chess Club"]
[Date "2020.12.06"]
[Round "4"]
[White "sillytiger"]
[Black "KylanHuang"]
[Result "0-1"]
[ICCResult "White resigns"]
[WhiteElo "1437"]
[BlackElo "1904"]
[Opening "English: Bremen, reverse dragon"]
[ECO "A22"]
[NIC "EO.10"]
[Time "17:46:21"]
[PlyCount "68"]
[TimeControl "2400+10"]


1. c4 e5 2. Nc3 Nf6 3. g3 d5 4. cxd5 Nxd5 5. Bg2 Nxc3 6. bxc3 c6 7. Nf3 Bd6
8. O-O O-O 9. Bb2 Qe7 10. Rb1 Be6 11. a4 Nd7 12. Qc2 Nc5 13. Ba3 f6 14. d4
exd4 15. cxd4 Na6 16. Bxd6 Qxd6 17. Rxb7 Nb4 18. Qb2 a5 19. Rc1 Ra6 20. Rc5
Bc8 21. Qb3+ Kh8 22. Rf7 Re8 23. Qb2 Qe6 24. Rc7 Nd5 25. Rb7 Bxb7 26. Qxb7
Nb4 27. e3 Raa8 28. Nh4 Reb8 29. Qc7 Rc8 30. Qb7 Rab8 31. Qa7 Nd3 32. Nf5
Rg8 33. Nxg7 Rb1+ 34. Bf1 Qh3 { White resigns } 0-1

[Event "ICC tourney 2182 (40 10)"]
[Site "Internet Chess Club"]
[Date "2020.12.06"]
[Round "4"]
[White "vyomvidy"]
[Black "icommai"]
[Result "1-0"]
[ICCResult "Black resigns"]
[WhiteElo "2337"]
[BlackElo "1852"]
[Opening "Queen's pawn: Chigorin variation"]
[ECO "D00"]
[NIC "VO.15"]
[Time "17:46:12"]
[PlyCount "65"]
[TimeControl "2400+10"]


1. Nc3 d5 2. d4 Nf6 3. Bf4 c6 4. e3 Bf5 5. f3 h6 6. g4 Bh7 7. h4 e6 8. Bd3
Bxd3 9. Qxd3 Bd6 10. Nge2 Bxf4 11. Nxf4 Nbd7 12. O-O-O Ng8 13. e4 Qc7 14.
Qe3 O-O-O 15. g5 hxg5 16. hxg5 Ne7 17. exd5 Nf5 18. Qd2 cxd5 19. g6 Nb6 20.
Nb5 Qb8 21. Nd3 a6 22. Qc3+ Nc4 23. Na3 Qc7 24. gxf7 Nxa3 25. Qxc7+ Kxc7
26. bxa3 Nxd4 27. Rxh8 Rxh8 28. Nf4 e5 29. Ng6 Rh2 30. f8=Q Rxc2+ 31. Kb1
Rc6 32. Qxg7+ Kb6 33. Nxe5 { Black resigns } 1-0

[Event "ICC tourney 2182 (40 10)"]
[Site "Internet Chess Club"]
[Date "2020.12.06"]
[Round "4"]
[White "e4f5"]
[Black "varsat"]
[Result "1-0"]
[ICCResult "Black resigns"]
[WhiteElo "2253"]
[BlackElo "1857"]
[Opening "Ruy Lopez: Anderssen variation"]
[ECO "C77"]
[NIC "RL.12"]
[Time "17:46:17"]
[PlyCount "93"]
[TimeControl "2400+10"]


1. e4 e5 2. Nf3 Nc6 3. Bb5 a6 4. Ba4 Nf6 5. d3 d6 6. c3 Be7 7. O-O O-O 8.
Re1 b5 9. Bc2 Re8 10. Nbd2 Bf8 11. d4 g6 12. d5 Ne7 13. Nf1 h6 14. b3 c6
15. c4 Bg7 16. Ne3 Ng4 17. Ba3 c5 18. Nxg4 Bxg4 19. h3 Bd7 20. b4 cxb4 21.
Bxb4 Bc8 22. c5 a5 23. cxd6 axb4 24. dxe7 Qxe7 25. Bb3 Qd6 26. Rc1 Bb7 27.
Qd3 Rec8 28. Qe3 Rc7 29. Rxc7 Qxc7 30. Rc1 Qd6 31. Qc5 Qd7 32. Qc7 Qc8 33.
d6 Qxc7 34. Rxc7 Bxe4 35. d7 Bf6 36. Nxe5 Bd8 37. Rc8 Bb7 38. Rxa8 Bxa8 39.
Nxf7 Be7 40. d8=Q+ Bxd8 41. Nxd8+ Kf8 42. Nf7 h5 43. Ne5 Be4 44. f3 Bb1 45.
Nc6 Ke8 46. Nxb4 Kd7 47. Bc2 { Black resigns } 1-0

[Event "ICC tourney 2182 (40 10)"]
[Site "Internet Chess Club"]
[Date "2020.12.06"]
[Round "4"]
[White "goodcrowdchess"]
[Black "che2468"]
[Result "1-0"]
[ICCResult "Black forfeits on time"]
[WhiteElo "1691"]
[BlackElo "1464"]
[Opening "Sicilian: Richter-Rauzer"]
[ECO "B60"]
[NIC "SI.27"]
[Time "17:46:19"]
[PlyCount "49"]
[TimeControl "2400+10"]


1. e4 c5 2. Nf3 d6 3. d4 cxd4 4. Nxd4 Nc6 5. Nc3 Nf6 6. Bg5 h6 7. Bh4 g5 8.
Bg3 Bg7 9. Nf5 Bxf5 10. exf5 Qa5 11. Qd2 Qxf5 12. O-O-O Ne4 13. Nxe4 Qxe4
14. Bb5 O-O 15. Rhe1 Qf5 16. Bxc6 bxc6 17. Rxe7 Qf6 18. Rb7 Rab8 19. Rxb8
Rxb8 20. c3 Rd8 21. Re1 h5 22. f4 gxf4 23. Bxf4 Qg6 24. Re7 a5 25. Rc7 {
Black forfeits on time } 1-0

[Event "ICC tourney 2182 (40 10)"]
[Site "Internet Chess Club"]
[Date "2020.12.06"]
[Round "4"]
[White "kevinsun"]
[Black "Feugon"]
[Result "0-1"]
[ICCResult "White resigns"]
[WhiteElo "1161"]
[BlackElo "1982"]
[Opening "French: Schlechter variation"]
[ECO "C01"]
[NIC "FR.01"]
[Time "17:46:16"]
[PlyCount "80"]
[TimeControl "2400+10"]


1. e4 e6 2. d4 d5 3. Bd3 dxe4 4. Bxe4 Nf6 5. Bf3 Be7 6. Nc3 c5 7. Nge2 Nbd7
8. O-O O-O 9. Be3 Qa5 10. a3 cxd4 11. Nxd4 Ne5 12. b4 Nxf3+ 13. Qxf3 Qc7
14. Ndb5 Qc4 15. Qe2 Qh4 16. Qf3 a6 17. Nd4 Ng4 18. h3 Nxe3 19. Qxe3 Bf6
20. Nf3 Qh5 21. Rad1 b5 22. Ne4 Bb7 23. Nxf6+ gxf6 24. Nd4 Rac8 25. Rd2 Rc4
26. Nb3 f5 27. Na5 f4 28. Qb6 Bxg2 29. Kxg2 f3+ 30. Kh2 Qe5+ 31. Kh1 Rh4
32. Rg1+ Kh8 33. Rg3 Qe1+ 34. Kh2 Qxd2 35. Rxf3 Rg8 36. Rg3 Qf4 37. Kg2
Rxg3+ 38. fxg3 Qd2+ 39. Kg1 Re4 40. Qb8+ Kg7 { White resigns } 0-1

[Event "ICC tourney 2182 (40 10)"]
[Site "Internet Chess Club"]
[Date "2020.12.06"]
[Round "4"]
[White "HarleyQueen8"]
[Black "saiabhi29"]
[Result "0-1"]
[ICCResult "White checkmated"]
[WhiteElo "1867"]
[BlackElo "2078"]
[Opening "QGD Slav: Dutch variation"]
[ECO "D18"]
[NIC "SL.05"]
[Time "17:46:12"]
[PlyCount "112"]
[TimeControl "2400+10"]


1. d4 d5 2. c4 c6 3. Nf3 Nf6 4. Nc3 dxc4 5. a4 Bf5 6. e3 e6 7. Bxc4 Bb4 8.
O-O Nbd7 9. Qe2 Bg6 10. Rd1 O-O 11. Ne1 Qc7 12. Bd2 Rad8 13. Ne4 Bxd2 14.
Nxf6+ Nxf6 15. Rxd2 c5 16. dxc5 Rxd2 17. Qxd2 Qxc5 18. Be2 h6 19. Nf3 Rc8
20. Bd3 Rd8 21. Ne1 Bxd3 22. Nxd3 Qd6 23. Rd1 Ne4 24. Qc2 Nc5 25. Kf1 Nxd3
26. Ke2 Qxh2 27. Rxd3 Rxd3 28. Qxd3 Qxg2 29. Qd8+ Kh7 30. Qd3+ f5 31. Qb5
Qc6 32. Qb3 h5 33. f3 h4 34. Qb4 Qc2+ 35. Ke1 Qh2 36. Qc4 Qg3+ 37. Ke2 Qg2+
38. Ke1 h3 39. Qxe6 Qxf3 40. Qe5 Qe4 41. Qg3 Qb1+ 42. Ke2 Qxb2+ 43. Kd3 Qg2
44. Qh4+ Kg6 45. Qd8 Qc6 46. Qh8 Qe4+ 47. Kd2 Qd5+ 48. Ke2 h2 49. Qe8+ Qf7
50. Qh8 Qa2+ 51. Kd3 Qd5+ 52. Ke2 h1=Q 53. Qe8+ Qf7 54. Qe5 Qa2+ 55. Kd3
Qd1+ 56. Kc3 Qab3# { White checkmated } 0-1

[Event "ICC tourney 2182 (40 10)"]
[Site "Internet Chess Club"]
[Date "2020.12.06"]
[Round "4"]
[White "TjkTiger"]
[Black "marble"]
[Result "1-0"]
[ICCResult "Black resigns"]
[WhiteElo "2602"]
[BlackElo "2537"]
[Opening "English: four knights, Nimzovich variation"]
[ECO "A28"]
[NIC "EO.21"]
[Time "17:47:06"]
[PlyCount "85"]
[TimeControl "2400+10"]


1. c4 e5 2. Nc3 Nc6 3. Nf3 Nf6 4. e4 Nd4 5. Nxe5 Qe7 6. Nf3 Nxe4 7. Nd5 Qc5
8. b4 Nxf3+ 9. Qxf3 Qd4 10. Rb1 Ng5 11. Qe2+ Kd8 12. d3 Ne6 13. h4 h5 14.
f4 c6 15. Be3 cxd5 16. Bxd4 Nxd4 17. Qe5 Nc2+ 18. Kd1 d6 19. Qg5+ f6 20.
Qg3 Nd4 21. Qf2 Nf5 22. cxd5 Ne7 23. g3 Nxd5 24. Kd2 Nc7 25. Bh3 Bxh3 26.
Rxh3 d5 27. Qd4 Kd7 28. Rhh1 Bd6 29. Rhc1 Rhe8 30. Rxc7+ Kxc7 31. Rc1+ Kb8
32. b5 Rd8 33. Kd1 Bc7 34. Rc5 a6 35. Rxd5 Rxd5 36. Qxd5 axb5 37. Qg8+ Ka7
38. Qxg7 Bb6 39. g4 hxg4 40. h5 f5 41. h6 Rd8 42. h7 Bd4 43. h8=Q { Black
resigns } 1-0

[Event "ICC tourney 2182 (40 10)"]
[Site "Internet Chess Club"]
[Date "2020.12.06"]
[Round "4"]
[White "alexdora"]
[Black "arconsul2"]
[Result "1-0"]
[ICCResult "Black resigns"]
[WhiteElo "1950"]
[BlackElo "1758"]
[Opening "Petrov: Nimzovich attack"]
[ECO "C42"]
[NIC "RG.03"]
[Time "17:46:18"]
[PlyCount "89"]
[TimeControl "2400+10"]


1. e4 e5 2. Nf3 Nf6 3. Nxe5 d6 4. Nf3 Nxe4 5. Nc3 Nf6 6. d4 Be7 7. Bg5 Bf5
8. Bd3 Bg6 9. Bxg6 hxg6 10. Qe2 O-O 11. O-O-O Re8 12. h4 Nbd7 13. Kb1 Nf8
14. Qd3 N8h7 15. Be3 Ng4 16. h5 Nxe3 17. fxe3 g5 18. Rdf1 c6 19. h6 g6 20.
Nh2 Qd7 21. Rf2 d5 22. Rhf1 f5 23. g4 Rf8 24. gxf5 gxf5 25. Ng4 Qe6 26.
Rxf5 Rxf5 27. Rxf5 Rf8 28. Rxf8+ Bxf8 29. Qe2 Bxh6 30. e4 dxe4 31. Nxe4 Qg6
32. c4 Bg7 33. d5 cxd5 34. cxd5 Bf8 35. a3 Be7 36. Ka1 Qb6 37. Qd1 Qg6 38.
Qd3 Qb6 39. Ne3 Qg6 40. d6 Bd8 41. Qc4+ Qf7 42. Qc8 Qe8 43. d7 Qxe4 44.
Qxd8+ Nf8 45. Qxg5+ { Black resigns } 1-0

[Event "ICC tourney 2182 (40 10)"]
[Site "Internet Chess Club"]
[Date "2020.12.06"]
[Round "4"]
[White "MrNormalName"]
[Black "Bearbarion"]
[Result "1-0"]
[ICCResult "Black resigns"]
[WhiteElo "2181"]
[BlackElo "1921"]
[Opening "QGD Slav defense"]
[ECO "D10"]
[NIC "SL.01"]
[Time "17:46:59"]
[PlyCount "107"]
[TimeControl "2400+10"]


1. d4 d5 2. c4 c6 3. Nc3 Nf6 4. e3 Bf5 5. cxd5 cxd5 6. Qb3 Qd7 7. Nf3 e6 8.
Bb5 Nc6 9. Ne5 Qc7 10. Bd2 Bd6 11. f4 O-O 12. Rc1 a6 13. Be2 Bxe5 14. fxe5
Ne4 15. Nxe4 Bxe4 16. O-O Qe7 17. Bd3 Bxd3 18. Qxd3 Rac8 19. a3 Qd7 20. Rc3
Ne7 21. Rfc1 Rxc3 22. Rxc3 Rc8 23. Rxc8+ Qxc8 24. Qb3 b5 25. Qb4 Nf5 26. a4
Qc4 27. Qa5 h6 28. g4 Nxd4 29. exd4 Qxd4+ 30. Kf1 Qc4+ 31. Kf2 bxa4 32. Qb4
Qd3 33. Be3 Qc2+ 34. Kg3 Kh7 35. Qc3 Qe4 36. Qd4 Qc2 37. Qc3 Qb1 38. Bd4 g5
39. Qf3 Qe1+ 40. Qf2 Qxf2+ 41. Kxf2 Kg7 42. Ke3 Kg6 43. Kd3 h5 44. h3 h4
45. Kc3 a5 46. Kc2 Kg7 47. Kb1 Kf8 48. Ka2 Ke7 49. Ka3 Kd7 50. Kxa4 Kc6 51.
Kxa5 Kc7 52. Kb5 Kd7 53. Kc5 Kc7 54. Be3 { Black resigns } 1-0